 Dungeon Crawl Stone Soup version 0.30.1-9-gdf580d7c3d (webtiles) character file.

Game seed: 16476155543914010626

9 H0rd4k the Charlatan (level 2, 0/18 HPs)
             Began as an Octopode Artificer on Oct 24, 2023.
             Slain by a bat (1 damage)
             ... on level 1 of the Dungeon.
             The game lasted 00:00:12 (119 turns).

H0rd4k the Charlatan (Octopode Artificer)            Turns: 119, Time: 00:00:13

Health: 0/18       AC:  1    Str: 11    XL:     2   Next: 12%
Magic:  2/2        EV: 13    Int: 13    God:
Gold:   19         SH:  0    Dex: 12    Spells: 1/1 levels left

rFire   . . .        (no weapon)
rCold   . . .        (no shield)
rNeg    . . .        (helmet restricted)
rPois   .            (no amulet)
rElec   .            (no ring)
rCorr   .            (no ring)
SInv    .            (no ring)
Will    .....        (no ring)
Stlth   +++          (no ring)
HPRegen 0.23/turn    (no ring)
MPRegen 0.08/turn    (no ring)
                     (no ring)

%: no passive effects
@: no status effects
A: almost no armour, amphibious, 8 rings, camouflage 1, gelatinous body 1,
(nimble swimmer 1), tentacles
a: no special abilities


You were on level 1 of the Dungeon.
You visited 1 branch of the dungeon, and saw 1 of its levels.

You collected 19 gold pieces.

Inventory:

Jewellery
 e - a +4 ring of protection
Wands
 b - a wand of flame (15) (quivered)
 c - a wand of charming (15)
 d - a wand of iceblast (5)
Scrolls
 a - a scroll of blinking {unknown}
 f - a scroll of teleportation {unknown}


   Skills:
 + Level 1.0 Fighting
 + Level 2.4 Dodging
 - Level 1.3 Stealth
 + Level 0.1 Unarmed Combat
 + Level 3.8 Evocations


You had one spell level left.
You didn't know any spells.
Your spell library was empty.

Dungeon Overview and Level Annotations

Branches:
Dungeon (1/15)

Altars:


Innate Abilities, Weirdness & Mutations

You cannot wear most types of armour.
You are amphibious.
You can wear up to eight rings at the same time.
Your skin changes colour to match your surroundings (Stealth+).
Your rubbery body absorbs attacks. (AC +1, EV +1)
((You are camouflaged when in or above water. (Stealth+)))
You have tentacles for arms and can constrict up to eight enemies at once.


Message History

There are monsters nearby!
There are monsters nearby!
There are monsters nearby!
The kobold hits you with a +0 club.
The endoplasm quivers.
You tentacle-slap the kobold but do no damage.
Your grab misses the kobold. You squeeze the kobold.
The kobold is moderately wounded.
The kobold barely misses you.
You closely miss the kobold. You grab the kobold.
The kobold is moderately wounded.
You constrict the kobold, but do no damage.
The kobold hits you with a +0 club.
You tentacle-slap the kobold but do no damage.
The kobold is moderately wounded.
You constrict the kobold. The kobold hits you with a +0 club.
You tentacle-slap the kobold.
You kill the kobold!
The bat hits you.
You have reached level 2!
You tentacle-slap the endoplasm.
The endoplasm is heavily wounded.
The endoplasm freezes you.
You are frozen.
* * * LOW HITPOINT WARNING * * *
You tentacle-slap the endoplasm.
The endoplasm is almost dead.
The endoplasm freezes you.
You are frozen.
* * * LOW HITPOINT WARNING * * *
You tentacle-slap the endoplasm but do no damage.
You squeeze the endoplasm.
You kill the endoplasm!
The bat hits you but does no damage. x2
You closely miss the bat. You grab the bat. You constrict the bat.
The bat barely misses you. The bat closely misses you.
You barely miss the bat.
The bat is moderately wounded.
You constrict the bat. The bat hits you.
You die...

#.##..#†..........#
#.....#...........#
#.##..####.)#..#### #.
#.....##...## .. #.
###+#####..#.....#.#....
#....................#.#
#....#####)............#
#.......†......###.....#
#............#..@b.....#
#........##.....##...(##
#.....#+####.##.# ..##
#####.# ......# ## #..
####.#.# .... ..#.#
#...# ###### .....


You could see a bat.

Vanquished Creatures
  An endoplasm (D:1)
  A giant cockroach (D:1)
  2 hobgoblins (D:1)
  A kobold (D:1)
  A quokka (D:1)
  A bat (D:1)
7 creatures vanquished.

Notes
Turn   | Place    | Note
-------+----------+-------------------------------------------
     0 | D:1      | H0rd4k the Octopode Artificer began the quest for the Orb.
     0 | D:1      | Reached XP level 1. HP: 13/13 MP: 1/1
   115 | D:1      | Reached XP level 2. HP: 8/18 MP: 2/2
   119 | D:1      | Slain by a bat

Illustrated notes

Levels and vault maps discovered:
D:1:      dpeg_arrival_arbitrary_c, layout_basic

Action                     || total
---------------------------++-------
  Melee: Unarmed           ||    20
         Constrict         ||     7
         Tentacles         ||     6
   Stab: Sleeping          ||     1
 Armour: Skin              ||     2
  Dodge: Dodged            ||    14
